 Dungeon Crawl Stone Soup version 0.29-a0-243-g602b31c20e (webtiles) character file.

Game seed: 11536413718015806527

46 timneilson the Shield-Bearer (level 3, 0/23 HPs)
             Began as a Gargoyle Fighter on Mar 4, 2022.
             Slain by a crimson imp (2 damage)
             ... summoned by Natasha
             ... on level 2 of the Dungeon.
             The game lasted 00:01:56 (1819 turns).

timneilson the Shield-Bearer (Gargoyle Fighter)     Turns: 1819, Time: 00:01:57

Health: 0/23       AC: 11    Str: 21    XL:     3   Next: 66%
Magic:  3/3        EV:  9    Int:  8    God:
Gold:   16         SH:  4    Dex:  9    Spells: 2/2 levels left

rFire   . . .      SeeInvis .   a - +0 long sword
rCold   + . .      Faith    .   c - +0 buckler
rNeg    + . .      Spirit   .   b - +0 scale mail
rPois   ∞          Reflect  .   (no helmet)
rElec   +          Harm     .   (no cloak)
rCorr   .          Rampage  .   g - +0 pair of gloves
Will    .....                   (no boots)
Stlth   ..........              (no amulet)
HPRegen 0.07/turn               j - ring of protection from cold
MPRegen 0.08/turn               (no ring)

@: no status effects
A: sickness immunity, AC +3, negative energy resistance 1, electricity
resistance, torment resistance 1, petrification resistance
a: no special abilities


You were on level 2 of the Dungeon.
You visited 1 branch of the dungeon, and saw 2 of its levels.

You collected 16 gold pieces.

Inventory:

Hand Weapons
 a - a +0 long sword (weapon)
Armour
 b - a +0 scale mail (worn)
 c - a +0 buckler (worn)
 g - a +0 pair of gloves (worn)
Jewellery
 j - a ring of protection from cold (left hand)
Scrolls
 e - a scroll of teleportation
Potions
 d - a potion of might
 f - a potion of heal wounds {unknown}
 h - a potion of haste {unknown}
 i - a potion of curing {unknown}


   Skills:
 + Level 3.4 Fighting
 * Level 2.3 Long Blades
 * Level 3.8 Armour
 + Level 0.5 Dodging
 * Level 3.8 Shields


You had 2 spell levels left.
You didn't know any spells.
Your spell library contained the following spells:

 Spells                   Type           Power      Damage    Failure   Level
 Freeze                   Ice            0%         1d3       83%         1
 Blink                    Tloc           0%         N/A       92%         2
 Frozen Ramparts          Ice            0%         1d2       99%         3
 Hailstorm                Conj/Ice       0%         3d3       100%        4
 Manifold Assault         Tloc           0%         N/A       100%        5
 Storm Form               Tmut/Air       0%         N/A       100%        7


Dungeon Overview and Level Annotations

Branches:
Dungeon (2/15)

Altars:

Annotations:
D:2 Natasha


Innate Abilities, Weirdness & Mutations

You are immune to sickness and miasma.
Your stone body is resilient. (AC +3)
You are immune to poison.
You resist negative energy. (rN+)
You are resistant to electric shocks. (rElec)
You are resistant to unholy torment.
You are immune to petrification.


Message History

The crimson imp hits you but does no damage.
You hit Natasha.
Natasha is heavily wounded.
The crimson imp barely misses you. Natasha claws you.
The crimson imp hits you but does no damage.
The crimson imp hits you.
You hit Natasha.
Natasha is heavily wounded.
Natasha barely misses you. The crimson imp barely misses you.
The crimson imp blinks!
You closely miss Natasha.
Natasha is heavily wounded.
Natasha claws you.
* * * LOW HITPOINT WARNING * * *
The crimson imp barely misses you.
Natasha mumbles some strange words.
You hit Natasha but do no damage.
Natasha is heavily wounded.
You block the crimson imp's attack.
The crimson imp blinks!
Natasha claws you but does no damage. The shadow imp gestures at you.
You are unaffected.
You hit Natasha.
Natasha is almost dead.
The crimson imp blinks!
Natasha claws you but does no damage. The crimson imp barely misses you.
The crimson imp hits you but does no damage.
You miss Natasha.
Natasha is almost dead.
Natasha stares at you and mumbles some strange words.
The magic dart hits you but does no damage.
The crimson imp hits you.
* * * LOW HITPOINT WARNING * * *
The endoplasm freezes you.
You are frozen.
You resist.
The crimson imp hits you but does no damage.
You closely miss Natasha.
Natasha is almost dead.
Natasha claws you but does no damage. The crimson imp hits you.
You die...

#...#. #......
##...$... #........
..# #........ ... #.
#........ ##.#. #.
##hJ....#.. #.... #.
#.@55.####.####..##
#.##..5...............
#.#......####...#..#..
#.#<#....# #.......
#.#.#....# ##..##..
#>..###########......J
#..## ###..<..........
#..####....#####......
#.....#.†....÷(...####


You could see Natasha, 2 crimson imps, a shadow imp (summoned) and an endoplasm.

Vanquished Creatures
  A gnoll (D:1)
  A worm (D:2)
  A dart slug (D:2)
  4 endoplasms (D:1)
  A goblin (D:1)
  2 hobgoblins (D:1)
  3 jackals (D:2)
  2 quokkas
  5 ball pythons (D:1)
  A bat (D:2)
  2 frilled lizards
  4 kobolds
27 creatures vanquished.

Notes
Turn   | Place    | Note
-------+----------+-------------------------------------------
     0 | D:1      | timneilson the Gargoyle Fighter began the quest for the
                  | Orb.
     0 | D:1      | Reached XP level 1. HP: 14/14 MP: 1/1
    78 | D:1      | Found a faded altar of an unknown god.
   382 | D:1      | Reached XP level 2. HP: 19/19 MP: 2/2
   690 | D:1      | Reached XP level 3. HP: 18/23 MP: 3/3
  1463 | D:2      | HP: 1/23 [worm (5)]
  1806 | D:2      | Noticed Natasha
  1818 | D:2      | HP: 1/23 [crimson imp[Natasha] (2)]
  1819 | D:2      | Slain by a crimson imp

Illustrated notes

Levels and vault maps discovered:
D:1:      scummos_arrival_simple_crosswalls, layout_loops_corners,
          nicolae_ecumenical_snake_handling, nicolae_figureground_pulse
D:2:      layout_rooms, uniq_terence, uniq_natasha

Skill      XL: |  1 |
---------------+----+-----
Long Blades    | 2 |  2.3
Fighting       | |  3.4
Armour         | |  3.8
Dodging        | |  0.5
Shields        | |  3.8

Action                   || total
-------------------------++-------
Melee: Long sword        ||   127
  Use: Scroll            ||     2
Armor: Scale mail        ||    78
Dodge: Dodged            ||    61
Block: Buckler           ||    43

Table legend: (Time is in decaauts)
 A = Elapsed time spent in this place.
 B = Non-inter-level travel time spent in this place.
 C = Inter-level travel time spent in this place.
 D = Time resting spent in this place.
 E = Time spent auto-exploring this place.
 F = Levels seen in this place.
 G = Mean time per level.
                   A        B        C        D        E       F      G
               +--------+--------+--------+--------+--------+-----+--------+
         Total |   1861 |   1853 |      8 |    304 |   1227 |   2 |  930.5 |
       Dungeon |   1861 |   1853 |      8 |    304 |   1227 |   2 |  930.5 |
               +--------+--------+--------+--------+--------+-----+--------+

Top non-repeatable levels by time:
     D:1: 1642 daAuts
     D:2: 219 daAuts
